A- SE
CHARLOTTE STONE CRABS @ TAMPA TARPONS
05/08/2042
 
TOP OF THE 1ST
Charlotte Stone Crabs batting - Pitching for Tampa Tarpons : RHP Mike Conway
Pitching: RHP Mike Conway
Batting: RHB António Mojica 0-0: Ball
1-0: Ball
2-0: Ball
3-0: Base on Balls
Batting: RHB Nunno Gerardo 0-0: Called Strike
0-1: Foul Ball, location: 7LMF
0-2: SINGLE (Line Drive, 56D, EV 61.9 MPH)
António Mojica to second
Batting: RHB Luis Sánchez 0-0: Grounds into double play, 5-4-3 (Groundball, 56S, EV 80.6 MPH)
António Mojica to third
Batting: LHB Jonathan Owens 0-0: SINGLE (Line Drive, 5D, EV 99.4 MPH)
António Mojica scores
Batting: RHB José Canseco 0-0: Called Strike
0-1: Ball
1-1: Called Strike
1-2: Fly out, F8 (Flyball, 8RS, EV 80.0 MPH)
Top of the 1st over - 1 run, 2 hits, 0 errors, 1 left on base; Charlotte 1 - Tampa 0
BOTTOM OF THE 1ST
Tampa Tarpons batting - Pitching for Charlotte Stone Crabs : RHP Cisco Peña
Pitching: RHP Cisco Peña
Batting: RHB Héctor Brajo 0-0: SOLO HOME RUN (Line Drive, 9D, EV 101.9 MPH), Distance : 399 ft
Batting: RHB Lou Smith 0-0: Ball
1-0: Swinging Strike
1-1: Called Strike
1-2: Ball
2-2: Strikes out swinging
Batting: RHB José Silva 0-0: Ball
1-0: Called Strike
1-1: Ball
2-1: Foul Ball, location: 2F
2-2: Ball
3-2: Ground out 3-1 (Groundball, 34S, EV 82.5 MPH)
Batting: RHB Hugh Johnstone 0-0: Called Strike
0-1: Ball
1-1: Ball
2-1: Ball
3-1: Foul Ball, location: 5FF
3-2: Strikes out swinging
Bottom of the 1st over - 1 run, 1 hit, 0 errors, 0 left on base; Charlotte 1 - Tampa 1
TOP OF THE 2ND
Charlotte Stone Crabs batting - Pitching for Tampa Tarpons : RHP Mike Conway
Batting: RHB José Fernández 0-0: Ball
1-0: Swinging Strike
1-1: Ball
2-1: Called Strike
2-2: Strikes out swinging
Batting: RHB Mike Lee 0-0: Called Strike
0-1: Swinging Strike
0-2: Ball
1-2: Ground out 1-3 (Groundball, 34S, EV 63.8 MPH)
Batting: LHB Andy Turner 0-0: Ball
1-0: Called Strike
1-1: Swinging Strike
1-2: Strikes out looking
Top of the 2nd over - 0 runs, 0 hits, 0 errors, 0 left on base; Charlotte 1 - Tampa 1
BOTTOM OF THE 2ND
Tampa Tarpons batting - Pitching for Charlotte Stone Crabs : RHP Cisco Peña
Batting: RHB José Padino 0-0: Ball
1-0: Ball
2-0: Ball
3-0: Base on Balls
Batting: LHB Freddy Guzmán 0-0: Called Strike
0-1: Foul Ball, location: 3SF
0-2: Ball
1-2: Ball
2-2: SINGLE (Line Drive, 89S, EV 102.5 MPH)
José Padino to second
Batting: SHB Rolf Crumlin 0-0: Called Strike
0-1: Foul Ball, location: 7LMF
0-2: Ball
1-2: Ball
2-2: Fly out, F7 (Flyball, 7S, EV 90.6 MPH)
Batting: RHB Ludovic Pelletier 0-0: Called Strike
0-1: Ball
1-1: Called Strike
1-2: Strikes out swinging
Batting: SHB Jim Unknown 0-0: Ball
1-0: Foul Ball, location: 7LDF
1-1: Foul Ball, location: 2F
1-2: Ball
2-2: Ball
3-2: Foul Ball, location: 9LSF
3-2: Base on Balls
José Padino to third
Freddy Guzmán to second
Batting: RHB Héctor Brajo 0-0: Ground out 4-3 (Groundball, 4, EV 102.5 MPH)
Bottom of the 2nd over - 0 runs, 1 hit, 0 errors, 3 left on base; Charlotte 1 - Tampa 1
TOP OF THE 3RD
Charlotte Stone Crabs batting - Pitching for Tampa Tarpons : RHP Mike Conway
Batting: RHB Juan Sánchez 0-0: Ball
1-0: Foul Ball, location: 2F
1-1: Ball
2-1: Foul Ball, location: 2F
2-2: Ball
3-2: Fly out, F9 (Flyball, 9, EV 90.6 MPH)
Batting: RHB António Mojica 0-0: Foul Ball, location: 2F
0-1: Foul Ball, location: 7LDF
0-2: Ball
1-2: Foul Ball, location: 3F
1-2: Strikes out swinging
Batting: RHB Nunno Gerardo 0-0: Called Strike
0-1: Foul Ball, location: 23F
0-2: Strikes out swinging
Top of the 3rd over - 0 runs, 0 hits, 0 errors, 0 left on base; Charlotte 1 - Tampa 1
BOTTOM OF THE 3RD
Tampa Tarpons batting - Pitching for Charlotte Stone Crabs : RHP Cisco Peña
Batting: RHB Lou Smith 0-0: Ball
1-0: Ball
2-0: Called Strike
2-1: Ball
3-1: Base on Balls
Batting: RHB José Silva 0-0: Ground out 4-3 (Groundball, 34S, EV 94.4 MPH)
Lou Smith to second
Batting: RHB Hugh Johnstone 0-0: DOUBLE (Line Drive, 7LM, EV 98.1 MPH)
Lou Smith scores
Batting: RHB José Padino 0-0: Ball
Hugh Johnstone is caught stealing 3rd base 2-5
1-0: Ball
2-0: Fly out, F7 (Flyball, 78M, EV 100.0 MPH)
Bottom of the 3rd over - 1 run, 1 hit, 0 errors, 0 left on base; Charlotte 1 - Tampa 2
TOP OF THE 4TH
Charlotte Stone Crabs batting - Pitching for Tampa Tarpons : RHP Mike Conway
Batting: RHB Luis Sánchez 0-0: DOUBLE (Groundball, 3L, EV 95.0 MPH)
Batting: LHB Jonathan Owens 0-0: Foul Ball, location: 3FF
0-1: Swinging Strike
0-2: Ball
1-2: Strikes out swinging
Batting: RHB José Canseco 0-0: Called Strike
0-1: Ball
1-1: Foul Ball, location: 5F
1-2: Strikes out swinging
Batting: RHB José Fernández 0-0: Ball
1-0: Called Strike
1-1: Swinging Strike
1-2: Ball
2-2: Ball
3-2: Foul Ball, location: 2F
3-2: Foul Ball, location: 2F
3-2: Strikes out looking
Top of the 4th over - 0 runs, 1 hit, 0 errors, 1 left on base; Charlotte 1 - Tampa 2
BOTTOM OF THE 4TH
Tampa Tarpons batting - Pitching for Charlotte Stone Crabs : RHP Cisco Peña
Batting: LHB Freddy Guzmán 0-0: Ball
1-0: Ball
2-0: Ball
3-0: Base on Balls
Batting: SHB Rolf Crumlin 0-0: Foul Ball, location: 2F
0-1: Ball
1-1: Foul Ball, location: 2F
1-2: Ball
2-2: Ball
3-2: Base on Balls
Freddy Guzmán to second
Batting: RHB Ludovic Pelletier 0-0: Sac Bunt to 3S - play at first, batter OUT! 3-4
Freddy Guzmán to third
Rolf Crumlin to second
Batting: SHB Jim Unknown 0-0: Ball
1-0: Ball
2-0: Ball
3-0: Called Strike
3-1: Called Strike
3-2: Ground out 6-3 (Groundball, 6D, EV 92.5 MPH)
Batting: RHB Héctor Brajo 0-0: Ball
1-0: Ball
2-0: Ball
3-0: Foul Ball, location: 2F
3-1: Called Strike
3-2: Base on Balls
Pitching: RHP Álex Muñóz
Batting: RHB Lou Smith 0-0: Fly out, F8 (Flyball, 8LM, EV 86.9 MPH)
Bottom of the 4th over - 0 runs, 0 hits, 0 errors, 3 left on base; Charlotte 1 - Tampa 2
TOP OF THE 5TH
Charlotte Stone Crabs batting - Pitching for Tampa Tarpons : RHP Mike Conway
Batting: RHB Mike Lee 0-0: Foul Ball, location: 2F
0-1: Swinging Strike
0-2: Ball
1-2: Strikes out swinging
Batting: LHB Andy Turner 0-0: Called Strike
0-1: Ball
1-1: Ball
2-1: Foul Ball, location: 7LDF
2-2: Strikes out swinging
Batting: RHB Juan Sánchez 0-0: Foul Ball, location: 25F
0-1: Foul Ball, location: 2F
0-2: Ball
1-2: Ball
2-2: Strikes out looking
Top of the 5th over - 0 runs, 0 hits, 0 errors, 0 left on base; Charlotte 1 - Tampa 2
BOTTOM OF THE 5TH
Tampa Tarpons batting - Pitching for Charlotte Stone Crabs : RHP Álex Muñóz
Batting: RHB José Silva 0-0: Called Strike
0-1: Ball
1-1: SINGLE (Line Drive, 4M, EV 97.5 MPH)
Batting: RHB Hugh Johnstone 0-0: Ball
1-0: Foul Ball, location: 9LSF
1-1: Ball
2-1: Swinging Strike
2-2: Ball
3-2: Base on Balls
José Silva to second
Batting: RHB José Padino 0-0: Called Strike
0-1: Hit by Pitch
José Silva to third
Hugh Johnstone to second
Batting: LHB Freddy Guzmán 0-0: Ball
1-0: Called Strike
1-1: Foul Ball, location: 2F
1-2: Ball
2-2: Grounds into double play, 4-6-3 (Groundball, 4MD, EV 99.4 MPH)
José Silva scores
Hugh Johnstone to third
Batting: SHB Rolf Crumlin 0-0: Ball
1-0: Foul Ball, location: 2F
1-1: Ball
2-1: SINGLE (Flyball, 9LS, EV 87.5 MPH)
Hugh Johnstone scores
Batting: RHB Ludovic Pelletier 0-0: Ball
1-0: Ball
Rolf Crumlin steals 2nd base
2-0: Fly out, F9 (Flyball, 89S, EV 96.3 MPH)
Bottom of the 5th over - 2 runs, 2 hits, 0 errors, 1 left on base; Charlotte 1 - Tampa 4
TOP OF THE 6TH
Charlotte Stone Crabs batting - Pitching for Tampa Tarpons : RHP Mike Conway
Batting: RHB António Mojica 0-0: Ball
1-0: Ball
2-0: Ball
3-0: Called Strike
3-1: Fly out, F7 (Flyball, 7D, EV 93.8 MPH)
Pitching: RHP Wes Kennedy
Batting: RHB Nunno Gerardo 0-0: Ball
1-0: Ball
2-0: Ball
3-0: Called Strike
3-1: Swinging Strike
3-2: Strikes out looking
Batting: RHB Luis Sánchez 0-0: Called Strike
0-1: Ball
1-1: Foul Ball, location: 2RF
1-2: Foul Ball, location: 9LMF
1-2: Ball
2-2: Strikes out swinging
Top of the 6th over - 0 runs, 0 hits, 0 errors, 0 left on base; Charlotte 1 - Tampa 4
BOTTOM OF THE 6TH
Tampa Tarpons batting - Pitching for Charlotte Stone Crabs : RHP Álex Muñóz
Batting: SHB Jim Unknown 0-0: Called Strike
0-1: Ball
1-1: Swinging Strike
1-2: Ground out 5-3 (Groundball, 5, EV 100.6 MPH)
Batting: RHB Héctor Brajo 0-0: Ball
1-0: Foul Ball, location: 2F
1-1: Ball
2-1: Ground out 5-3 (Groundball, 56, EV 102.5 MPH)
Batting: RHB Lou Smith 0-0: Foul Ball, location: 2F
0-1: Called Strike
0-2: SINGLE (Line Drive, 34, EV 102.5 MPH)
Batting: RHB José Silva 0-0: Ball
1-0: Called Strike
1-1: Foul Ball, location: 23FF
1-2: Ball
2-2: Fly out, F6 (Line Drive, 56, EV 73.8 MPH)
Bottom of the 6th over - 0 runs, 1 hit, 0 errors, 1 left on base; Charlotte 1 - Tampa 4
TOP OF THE 7TH
Charlotte Stone Crabs batting - Pitching for Tampa Tarpons : RHP Wes Kennedy
Batting: LHB Jonathan Owens 0-0: Ball
1-0: Foul Ball, location: 2F
1-1: Ball
2-1: Foul Ball, location: 2F
2-2: Fly out, F9 (Flyball, 9LMF, EV 78.8 MPH)
Batting: RHB José Canseco 0-0: Fly out, F7 (Flyball, 78M, EV 71.3 MPH)
Batting: RHB José Fernández 0-0: Swinging Strike
0-1: Swinging Strike
0-2: Ball
1-2: Ball
2-2: Strikes out swinging
Top of the 7th over - 0 runs, 0 hits, 0 errors, 0 left on base; Charlotte 1 - Tampa 4
BOTTOM OF THE 7TH
Tampa Tarpons batting - Pitching for Charlotte Stone Crabs : RHP Álex Muñóz
Batting: RHB Hugh Johnstone 0-0: Ground out 4-3 (Groundball, 4M, EV 110.6 MPH)
Batting: RHB José Padino 0-0: Ball
1-0: Ball
2-0: Ball
3-0: Called Strike
3-1: Swinging Strike
3-2: Foul Ball, location: 25F
3-2: Base on Balls
Batting: LHB Freddy Guzmán 0-0: Foul Ball, location: 2LF
0-1: Ball
1-1: Grounds into double play, 5-4-3 (Groundball, 5L, EV 80.6 MPH)
Bottom of the 7th over - 0 runs, 0 hits, 0 errors, 0 left on base; Charlotte 1 - Tampa 4
TOP OF THE 8TH
Charlotte Stone Crabs batting - Pitching for Tampa Tarpons : RHP Wes Kennedy
Batting: RHB Mike Lee 0-0: Ball
1-0: SINGLE (Flyball, 89M, EV 101.3 MPH)
Batting: LHB Andy Turner 0-0: Called Strike
0-1: Ball
1-1: SINGLE (Line Drive, 7S, EV 92.5 MPH)
Mike Lee to second
Pinch Hitting: RHB Danny Clemente 0-0: Called Strike
0-1: Ball
1-1: Swinging Strike
1-2: Strikes out looking
Batting: RHB António Mojica 0-0: Ball
1-0: Ball
2-0: Called Strike
2-1: Ball
3-1: Base on Balls
Mike Lee to third
Andy Turner to second
Batting: RHB Nunno Gerardo 0-0: Ball
1-0: Ball
2-0: Called Strike
2-1: Ball
3-1: Swinging Strike
3-2: Strikes out swinging
Batting: RHB Luis Sánchez 0-0: Ball
1-0: Ball
2-0: Foul Ball, location: 7LSF
2-1: SINGLE (Groundball, 6MD, EV 97.5 MPH)
Mike Lee scores
Andy Turner to third
António Mojica to second
Runner from 3rd tries for Home, throw by CF and OUT! 8-2
Top of the 8th over - 1 run, 3 hits, 0 errors, 2 left on base; Charlotte 2 - Tampa 4
BOTTOM OF THE 8TH
Tampa Tarpons batting - Pitching for Charlotte Stone Crabs : RHP Álex Muñóz
Now at 3B: António Mojica
Now at SS: Danny Clemente
Batting: SHB Rolf Crumlin 0-0: Called Strike
0-1: Ball
1-1: Fly out, F7 (Flyball, 7D, EV 105.0 MPH)
Batting: RHB Ludovic Pelletier 0-0: DOUBLE (Flyball, 78D, EV 110.6 MPH)
Batting: SHB Jim Unknown 0-0: Ball
1-0: Called Strike
1-1: Ball
2-1: Foul Ball, location: 23F
2-2: Fly out, F7 (Flyball, 7, EV 77.5 MPH)
Batting: RHB Héctor Brajo 0-0: Swinging Strike
0-1: SINGLE (Line Drive, 56D, EV 99.4 MPH)
Ludovic Pelletier to third
Runner from 3rd tries for Home, SAFE, throw by LF to home
Batting: RHB Lou Smith 0-0: Ball
1-0: Called Strike
1-1: Foul Ball, location: 23FF
1-2: Ball
2-2: Fielders Choice at 2nd, 6-4 (Groundball, 56, EV 83.8 MPH)
Bottom of the 8th over - 1 run, 2 hits, 0 errors, 1 left on base; Charlotte 2 - Tampa 5
TOP OF THE 9TH
Charlotte Stone Crabs batting - Pitching for Tampa Tarpons : RHP Wes Kennedy
Batting: LHB Jonathan Owens 0-0: Ball
1-0: Called Strike
1-1: Ball
2-1: Called Strike
2-2: Ball
3-2: Base on Balls
Pitching: LHP Jim Unknown
Batting: RHB José Canseco 0-0: Foul Ball, location: 23FF
0-1: Called Strike
0-2: Ball
1-2: SINGLE (Groundball, 6MD, EV 98.1 MPH)
Jonathan Owens to second
Batting: RHB José Fernández 0-0: Called Strike
0-1: Ball
1-1: Called Strike
1-2: Ball
2-2: Strikes out looking
Batting: RHB Mike Lee 0-0: Foul Ball, location: 7LSF
0-1: Called Strike
0-2: Fly out, F9 (Flyball, 9, EV 85.0 MPH)
Pinch Hitting: RHB Iván Narciso 0-0: Called Strike
0-1: Foul Ball, location: 23F
0-2: Foul Ball, location: 9LDF
0-2: Ball
1-2: Foul Ball, location: 9LDF
1-2: Ball
2-2: Ball
3-2: Base on Balls
Jonathan Owens to third
José Canseco to second
Batting: RHB Danny Clemente 0-0: Ball
1-0: Swinging Strike
1-1: Foul Ball, location: 3F
1-2: Ball
2-2: Strikes out swinging
Top of the 9th over - 0 runs, 1 hit, 0 errors, 3 left on base; Charlotte 2 - Tampa 5
Friday, May 3rd , 2024 - OOTP Baseball 24.10 Build 82